 Dungeon Crawl Stone Soup version 0.28.0-47-ge53b351184 (webtiles) character file.

Game seed: 3812543938309093672

51 Peloso the Skirmisher (level 3, -2/33 HPs)
             Began as a Minotaur Fighter on May 1, 2022.
             Killed by divine providence
             ... invoked by an orc priest
              (12 damage)
             ... on level 2 of the Dungeon.
             The game lasted 00:01:34 (1489 turns).

Peloso the Skirmisher (Minotaur Fighter)            Turns: 1489, Time: 00:01:35

Health: -2/33      AC:  9    Str: 20    XL:     3   Next: 58%
Magic:  2/2        EV:  7    Int:  5    God:
Gold:   38         SH:  4    Dex: 11    Spells: 2/2 levels left

rFire   . . .      SeeInvis .   a - +0 long sword
rCold   . . .      Faith    .   c - +0 buckler
rNeg    . . .      Spirit   .   g - +0 chain mail
rPois   +          Reflect  .   (helmet restricted)
rElec   .          Harm     .   (no cloak)
rCorr   .          Rampage  .   (no gloves)
Will    .....                   (no boots)
Stlth   ..........              (no amulet)
HPRegen 0.11/turn               i - ring of poison resistance
MPRegen 0.08/turn               (no ring)

@: no status effects
A: horns 2, retaliatory headbutt
a: no special abilities


You were on level 2 of the Dungeon.
You visited 1 branch of the dungeon, and saw 2 of its levels.

You collected 38 gold pieces.

Inventory:

Hand Weapons
 a - a +0 long sword (weapon)
Armour
 b - a +0 scale mail
 c - a +0 buckler (worn)
 g - a +0 chain mail (worn)
Jewellery
 i - a ring of poison resistance (left hand)
Scrolls
 e - a scroll of immolation {unknown}
 f - 2 scrolls of identify {unknown}
Potions
 d - a potion of might
 h - a potion of haste {unknown}


   Skills:
 + Level 4.3 Fighting
 + Level 3.2 Long Blades
 + Level 4.1 Armour
 + Level 0.5 Dodging
 + Level 4.0 Shields


You had 2 spell levels left.
You didn't know any spells.
Your spell library was empty.

Dungeon Overview and Level Annotations

Branches:
Dungeon (2/15)

Altars:
Ashenzari


Innate Abilities, Weirdness & Mutations

You have a pair of horns on your head.
You reflexively headbutt those who attack you in melee.


Message History

The orc priest looks braver for a moment.
An orc comes into view. It is wielding a +0 whip.
You block the bat's attack.
You slash the bat!
You kill the bat!
An orc priest comes into view. It is wielding a +4 mace.
The orc priest shouts!
An orc wizard comes into view. It is wielding a +0 dagger of speed.
There is a stone staircase leading down here.
You see here a bat corpse.
The orc wizard mumbles some strange words.
The orc wizard flickers and vanishes!
Deactivating autopickup; reactivate with Ctrl-A.
The orc priest casts a cantrip, but nothing happens.
You hit the orc but do no damage. Your headbutt misses the orc.
The orc hits you with a +0 whip.
The orc priest hits you but does no damage.
You block the orc's attack.
The orc priest hits you but does no damage.
You closely miss the orc. The orc barely misses you.
The orc priest barely misses you.
The orc priest invokes the aid of Beogh against you.
Beogh smites you!
You barely miss the orc. The orc hits you with a +0 whip.
The orc priest hits you but does no damage.
The orc priest calls down the wrath of Beogh upon you.
Beogh smites you!
There is a stone staircase leading down here.
You see here a bat corpse.
The orc priest looks encouraged for a moment.
You hit the orc.
The orc is moderately wounded.
You block the orc's attack. x2
You slash the orc!
You kill the orc!
The orc priest hits you with a +4 mace.
You barely miss the orc priest.
The orc priest calls down the wrath of Beogh upon you.
Beogh smites you!
You die...

#.........# ####
#.........# ##).#
#.........###...#
#.........##...##
##..............###
#...#.##...##.#....
#........####.####.
#...#.#### ##.####.
##@##.# #.......
#o##.# ####+###
#.##.# ## #o#... #.
#....# #. #..#.# #.
#..#.# ## .... #
.....


You could see 2 orc priests.

Vanquished Creatures
  An adder (D:2)
  A dart slug (D:2)
  An orc (D:2)
  4 endoplasms
  A giant cockroach (D:1)
  3 goblins
  3 hobgoblins
  3 jackals (D:1)
  A kobold (D:1)
  3 quokkas
  7 bats
  4 frilled lizards
  3 rats
35 creatures vanquished.

Vanquished Creatures (others)
  3 plants (D:2)
3 creatures vanquished.

Grand Total: 38 creatures vanquished

Notes
Turn   | Place    | Note
-------+----------+-------------------------------------------
     0 | D:1      | Peloso the Minotaur Fighter began the quest for the Orb.
     0 | D:1      | Reached XP level 1. HP: 19/19 MP: 0/0
   425 | D:1      | Reached XP level 2. HP: 27/27 MP: 1/1
  1308 | D:2      | Reached XP level 3. HP: 33/33 MP: 2/2
  1349 | D:2      | Found a broken altar of Ashenzari.
  1489 | D:2      | Killed from afar by an orc priest

Illustrated notes

Levels and vault maps discovered:
D:1:      dpeg_arrival_pond, layout_loops_corners, columned_hall_lemuel,
          minmay_heptomino_l4
D:2:      layout_rooms, shapermc_ecumenical_altar_ellora, basic_altar,
          kennysheep_generic_room_15

Skill      XL: |  1  2  3 |
---------------+----------+-----
Fighting       | 4 |  4.3
Long Blades    | 3 |  3.2
Armour         | 4 |  4.1
Shields        | 4 |  4.0
Dodging        | |  0.5

Action                   || total
-------------------------++-------
Melee: Long sword        ||    74
       Headbutt          ||     4
Armor: Scale mail        ||    19
       Chain mail        ||    54
Dodge: Dodged            ||    38
Block: Buckler           ||    27
